EVO
CLEMSON UNIVERSITY TIGERS @ WICHITA STATE UNIVERSITY SHOCKERS
10/03/2044
 
TOP OF THE 1ST
Clemson University Tigers batting - Pitching for Wichita State University Shockers : RHP Justin Williams
Pitching: RHP Justin Williams
Batting: LHB Nick Martin 0-0: Ball
1-0: Ground out 5-3 (Groundball, 5S, EV 70.6 MPH)
Batting: LHB Pat Fontana 0-0: Ball
1-0: Ball
2-0: Called Strike
2-1: SINGLE (Groundball, 5, EV 94.4 MPH)
Batting: RHB Wes Reynolds 0-0: Ball
1-0: Ball
2-0: Foul Ball, location: 2F
2-1: Ball
3-1: Fly out, F9 (Flyball, 9, EV 90.0 MPH)
Batting: RHB Jaime Rios 0-0: Called Strike
Pat Fontana steals 2nd base
0-1: Ball
1-1: Ground out 5-3 (Groundball, 56, EV 108.1 MPH)
Top of the 1st over - 0 runs, 1 hit, 0 errors, 1 left on base; Clemson University 0 - Wichita State University 0
BOTTOM OF THE 1ST
Wichita State University Shockers batting - Pitching for Clemson University Tigers : RHP Zhao-jun Zong
Pitching: RHP Zhao-jun Zong
Batting: RHB Jonathan Iniguez 0-0: Called Strike
0-1: Ball
1-1: Ground out 3-1 (Groundball, 34S, EV 84.4 MPH)
Batting: RHB Taffounnout Kame 0-0: Ground out U3 (Groundball, 34S, EV 87.5 MPH)
Batting: RHB Zach Maguire 0-0: SINGLE (Line Drive, 7LS, EV 93.1 MPH)
Batting: LHB Sam Williams 0-0: Called Strike
0-1: Foul Ball, location: 2F
0-2: Ball
1-2: Ball
2-2: Strikes out looking
Bottom of the 1st over - 0 runs, 1 hit, 0 errors, 1 left on base; Clemson University 0 - Wichita State University 0
TOP OF THE 2ND
Clemson University Tigers batting - Pitching for Wichita State University Shockers : RHP Justin Williams
Batting: LHB Pablo Serrato 0-0: Ball
1-0: Fly out, F5 (Popup, 25F, EV 90.6 MPH)
Batting: SHB Ronnie Brooks 0-0: Called Strike
0-1: Foul Ball, location: 2F
0-2: Ball
1-2: Ball
2-2: Ground out 6-3 (Groundball, 6, EV 89.4 MPH)
Batting: LHB Jamie Spangenberg 0-0: Ball
1-0: Swinging Strike
1-1: Foul Ball, location: 2F
1-2: Strikes out swinging
Top of the 2nd over - 0 runs, 0 hits, 0 errors, 0 left on base; Clemson University 0 - Wichita State University 0
BOTTOM OF THE 2ND
Wichita State University Shockers batting - Pitching for Clemson University Tigers : RHP Zhao-jun Zong
Batting: RHB Bill Nguyen-Tan 0-0: Called Strike
0-1: Foul Ball, location: 2F
0-2: SINGLE (Line Drive, 56D, EV 107.5 MPH)
Batting: RHB Kieron Clark 0-0: Called Strike
0-1: Foul Ball, location: 2F
0-2: Ball
1-2: Ball
2-2: Ball
3-2: Fly out, F6 (Flyball, 56D, EV 92.5 MPH)
Batting: RHB Brad Brady 0-0: Foul Ball, location: 2F
0-1: Called Strike
0-2: Ball
1-2: Foul Ball, location: 2F
1-2: Grounds into double play, 4-6-3 (Groundball, 34, EV 88.8 MPH)
Bottom of the 2nd over - 0 runs, 1 hit, 0 errors, 0 left on base; Clemson University 0 - Wichita State University 0
TOP OF THE 3RD
Clemson University Tigers batting - Pitching for Wichita State University Shockers : RHP Justin Williams
Batting: LHB Ivan Castillo 0-0: Called Strike
0-1: Ball
1-1: Fly out, F5 (Popup, 56S, EV 73.1 MPH)
Batting: RHB Ken Manser 0-0: Ball
1-0: Ball
2-0: Ball
3-0: Called Strike
3-1: Called Strike
3-2: Fly out, F9 (Flyball, 9, EV 88.1 MPH)
Batting: LHB Nick Martin 0-0: Foul Ball, location: 2F
0-1: Ball
1-1: Ball
2-1: Fly out, F4 (Popup, 4M, EV 71.2 MPH)
Top of the 3rd over - 0 runs, 0 hits, 0 errors, 0 left on base; Clemson University 0 - Wichita State University 0
BOTTOM OF THE 3RD
Wichita State University Shockers batting - Pitching for Clemson University Tigers : RHP Zhao-jun Zong
Batting: SHB Houston Phillips 0-0: Ball
1-0: Ball
2-0: Called Strike
2-1: Foul Ball, location: 2F
2-2: Foul Ball, location: 2F
2-2: Foul Ball, location: 2F
2-2: Ground out 5-3 (Groundball, 5L, EV 87.5 MPH)
Batting: RHB Nick Gossman 0-0: Ball
1-0: Fly out, F7 (Flyball, 7, EV 91.2 MPH)
Batting: RHB Jonathan Iniguez 0-0: Ball
1-0: Bunt - Flyout to 15! F1
Bottom of the 3rd over - 0 runs, 0 hits, 0 errors, 0 left on base; Clemson University 0 - Wichita State University 0
TOP OF THE 4TH
Clemson University Tigers batting - Pitching for Wichita State University Shockers : RHP Justin Williams
Batting: LHB Pat Fontana 0-0: Ball
1-0: Fly out, F3 (Line Drive, 3, EV 68.8 MPH)
Batting: RHB Wes Reynolds 0-0: Called Strike
0-1: Ball
1-1: Fly out, F9 (Flyball, 89M, EV 79.4 MPH)
Batting: RHB Jaime Rios 0-0: Swinging Strike
0-1: Ball
1-1: Ball
2-1: Ball
3-1: Base on Balls
Batting: LHB Pablo Serrato 0-0: Called Strike
0-1: Ball
1-1: SINGLE (Groundball, 34D, EV 96.9 MPH)
Jaime Rios to second
Runner from 2nd tries for 3rd, SAFE, throw by RF made to third
Batting: SHB Ronnie Brooks 0-0: Called Strike
0-1: Ball
1-1: Ball
2-1: Foul Ball, location: 2F
2-2: Ground out 4-3 (Groundball, 34, EV 103.8 MPH)
Top of the 4th over - 0 runs, 1 hit, 0 errors, 2 left on base; Clemson University 0 - Wichita State University 0
BOTTOM OF THE 4TH
Wichita State University Shockers batting - Pitching for Clemson University Tigers : RHP Zhao-jun Zong
Batting: RHB Taffounnout Kame 0-0: Ball
1-0: Called Strike
1-1: Ball
2-1: Ball
3-1: Called Strike
3-2: Foul Ball, location: 2F
3-2: Ground out 5-3 (Groundball, 56, EV 86.9 MPH)
Batting: RHB Zach Maguire 0-0: Ball
1-0: Foul Ball, location: 2F
1-1: Ball
2-1: Fly out, F7 (Flyball, 7S, EV 85.6 MPH)
Batting: LHB Sam Williams 0-0: Foul Ball, location: 2F
0-1: Ball
1-1: Called Strike
1-2: Ball
2-2: DOUBLE (Line Drive, 89D, EV 102.5 MPH)
Batting: RHB Bill Nguyen-Tan 0-0: Called Strike
0-1: Ball
1-1: Fly out, F8 (Line Drive, 8RD, EV 98.1 MPH)
Bottom of the 4th over - 0 runs, 1 hit, 0 errors, 1 left on base; Clemson University 0 - Wichita State University 0
TOP OF THE 5TH
Clemson University Tigers batting - Pitching for Wichita State University Shockers : RHP Justin Williams
Batting: LHB Jamie Spangenberg 0-0: Called Strike
0-1: Swinging Strike
0-2: Foul Ball, location: 2F
0-2: Foul Ball, location: 2F
0-2: Ball
1-2: Ground out 1-3 (Groundball, 13S, EV 63.8 MPH)
Batting: LHB Ivan Castillo 0-0: Fly out, F7 (Flyball, 7, EV 90.6 MPH)
Batting: RHB Ken Manser 0-0: Ball
1-0: Ball
2-0: Ball
3-0: Called Strike
3-1: Swinging Strike
3-2: Ground out 5-3 (Groundball, 56, EV 89.4 MPH)
Top of the 5th over - 0 runs, 0 hits, 0 errors, 0 left on base; Clemson University 0 - Wichita State University 0
BOTTOM OF THE 5TH
Wichita State University Shockers batting - Pitching for Clemson University Tigers : RHP Zhao-jun Zong
Batting: RHB Kieron Clark 0-0: Ground out 4-3 (Groundball, 4, EV 101.2 MPH)
Batting: RHB Brad Brady 0-0: Ball
1-0: Ball
2-0: Called Strike
2-1: Ground out 5-3 (Groundball, 56, EV 86.2 MPH)
Batting: SHB Houston Phillips 0-0: Ball
1-0: Ground out 5-3 (Groundball, 5S, EV 85.0 MPH)
Bottom of the 5th over - 0 runs, 0 hits, 0 errors, 0 left on base; Clemson University 0 - Wichita State University 0
TOP OF THE 6TH
Clemson University Tigers batting - Pitching for Wichita State University Shockers : RHP Justin Williams
Pitching: RHP David Landa
Batting: LHB Nick Martin 0-0: Ball
1-0: Swinging Strike
1-1: Foul Ball, location: 2F
1-2: Strikes out swinging, 2-3 out at first.
Batting: LHB Pat Fontana 0-0: Called Strike
0-1: Ball
1-1: Foul Ball, location: 2F
1-2: Fly out, F6 (Line Drive, 6, EV 61.9 MPH)
Batting: RHB Wes Reynolds 0-0: Swinging Strike
0-1: Ball
1-1: Ball
2-1: Ground out 6-3 (Groundball, 6, EV 90.6 MPH)
Top of the 6th over - 0 runs, 0 hits, 0 errors, 0 left on base; Clemson University 0 - Wichita State University 0
BOTTOM OF THE 6TH
Wichita State University Shockers batting - Pitching for Clemson University Tigers : RHP Zhao-jun Zong
Batting: RHB Nick Gossman 0-0: Swinging Strike
0-1: Swinging Strike
0-2: Fly out, F8 (Flyball, 89XD, EV 90.6 MPH)
Batting: RHB Jonathan Iniguez 0-0: SINGLE (Line Drive, 78M, EV 101.2 MPH)
Batting: RHB Taffounnout Kame 0-0: Ball
1-0: Ball
2-0: Fielders Choice at 2nd, 6-4 (Groundball, 6M, EV 101.9 MPH)
Batting: RHB Zach Maguire 0-0: Ball
1-0: Swinging Strike
1-1: Ball
2-1: Swinging Strike
2-2: Strikes out swinging
Bottom of the 6th over - 0 runs, 1 hit, 0 errors, 1 left on base; Clemson University 0 - Wichita State University 0
TOP OF THE 7TH
Clemson University Tigers batting - Pitching for Wichita State University Shockers : RHP David Landa
Batting: RHB Jaime Rios 0-0: Ball
1-0: Ball
2-0: Ball
3-0: Called Strike
3-1: Base on Balls
Batting: LHB Pablo Serrato 0-0: Called Strike
0-1: SINGLE (Groundball, 34D, EV 104.4 MPH)
Jaime Rios to second
Runner from 2nd tries for 3rd, OUT! 9-5
Now in LF: Steve LeGrand
Now in RF: Taffounnout Kame
Batting: SHB Ronnie Brooks 0-0: Fly out, F6 (Popup, 56, EV 66.2 MPH)
Batting: LHB Jamie Spangenberg 0-0: Called Strike
0-1: Ball
1-1: Ball
2-1: Swinging Strike
2-2: Ball
3-2: Base on Balls
Pablo Serrato to second
Batting: LHB Ivan Castillo 0-0: Called Strike
0-1: Ball
1-1: Fly out, F8 (Flyball, 78D, EV 96.9 MPH)
Top of the 7th over - 0 runs, 1 hit, 0 errors, 2 left on base; Clemson University 0 - Wichita State University 0
BOTTOM OF THE 7TH
Wichita State University Shockers batting - Pitching for Clemson University Tigers : RHP Zhao-jun Zong
Batting: LHB Sam Williams 0-0: Ball
1-0: Called Strike
1-1: Foul Ball, location: 2F
1-2: Ball
2-2: Foul Ball, location: 2F
2-2: Ball
3-2: Foul Ball, location: 2F
3-2: Foul Ball, location: 2F
3-2: Ground out 4-3 (Groundball, 4, EV 87.5 MPH)
Pitching: LHP Alex Shannon
Batting: LHB Steve LeGrand 0-0: Ball
1-0: Ball
2-0: Ball
3-0: Base on Balls
Pitching: RHP Jon Wernli
Batting: RHB Kieron Clark 0-0: Ball
1-0: Fly out, F8 (Flyball, 89D, EV 93.8 MPH)
Pinch Hitting: SHB Nadhir Umayr 0-0: Called Strike
0-1: SINGLE (Line Drive, 9S, EV 98.1 MPH)
Steve LeGrand to second
Runner from 2nd tries for 3rd, SAFE, throw by RF made to third
Batting: SHB Houston Phillips 0-0: SINGLE (Groundball, 4MD, EV 105.0 MPH)
Steve LeGrand scores
Nadhir Umayr to second
Batting: RHB Nick Gossman 0-0: Ball
1-0: Ball
2-0: Called Strike
2-1: Swinging Strike
2-2: Strikes out swinging passed ball, reaches first!
Nadhir Umayr to third
Houston Phillips to second
Batting: RHB Jonathan Iniguez 0-0: Ball
1-0: Ground out 4-3 (Groundball, 4MS, EV 70.0 MPH)
Bottom of the 7th over - 1 run, 2 hits, 0 errors, 3 left on base; Clemson University 0 - Wichita State University 1
TOP OF THE 8TH
Clemson University Tigers batting - Pitching for Wichita State University Shockers : RHP David Landa
Pitching: RHP Eric Patrick
Now at 3B: Alex Campos
Pinch Hitting: RHB Ryan Starks 0-0: Swinging Strike
0-1: Foul Ball, location: 2F
0-2: Ball
1-2: SINGLE (Line Drive, 9S, EV 96.9 MPH)
Batting: LHB Nick Martin 0-0: Sac Bunt to P - play at second, runner OUT! 1-6
Batting: LHB Pat Fontana 0-0: Called Strike
0-1: Called Strike
0-2: DOUBLE (Line Drive, 5D, EV 95.0 MPH)
Nick Martin to third
Runner from 3rd tries for Home, SAFE, no throw by LF
Batting: RHB Wes Reynolds 0-0: Foul Ball, location: 2F
0-1: Fly out, F4 (Popup, 4, EV 59.4 MPH)
Batting: RHB Jaime Rios 0-0: Ball
1-0: Foul Ball, location: 2F
1-1: Fly out, F9 (Flyball, 9LS, EV 83.1 MPH)
Top of the 8th over - 1 run, 2 hits, 0 errors, 1 left on base; Clemson University 1 - Wichita State University 1
BOTTOM OF THE 8TH
Wichita State University Shockers batting - Pitching for Clemson University Tigers : RHP Jon Wernli
Now at 3B: Justin Hensley
Batting: RHB Taffounnout Kame 0-0: Called Strike
0-1: Foul Ball, location: 2F
0-2: Fly out, F8 (Line Drive, 8LM, EV 96.9 MPH)
Batting: RHB Zach Maguire 0-0: Ball
1-0: Called Strike
1-1: Ball
2-1: Ball
3-1: Foul Ball, location: 2F
3-2: Fly out, F5 (Flyball, 5D, EV 86.9 MPH)
Batting: LHB Sam Williams 0-0: Ball
1-0: Called Strike
1-1: Foul Ball, location: 2F
1-2: Strikes out swinging
Bottom of the 8th over - 0 runs, 0 hits, 0 errors, 0 left on base; Clemson University 1 - Wichita State University 1
TOP OF THE 9TH
Clemson University Tigers batting - Pitching for Wichita State University Shockers : RHP Eric Patrick
Batting: LHB Pablo Serrato 0-0: Ball
1-0: Foul Ball, location: 2F
1-1: Called Strike
1-2: Foul Ball, location: 2F
1-2: Strikes out swinging
Batting: SHB Ronnie Brooks 0-0: Fly out, F9 (Flyball, 89XD, EV 90.6 MPH)
Batting: LHB Jamie Spangenberg 0-0: Ball
1-0: Foul Ball, location: 2F
1-1: Ball
2-1: Foul Ball, location: 2F
2-2: Reached on error, E2 (Groundball, 15S, EV 66.2 MPH)
Batting: LHB Ivan Castillo 0-0: Ball
1-0: SINGLE (Line Drive, 34D, EV 102.5 MPH)
Jamie Spangenberg to second
Pitching: LHP Dzintars Balodis
Batting: SHB Justin Hensley 0-0: Ball
1-0: Fielders Choice at 2nd, 5-4 (Groundball, 56, EV 99.4 MPH)
Top of the 9th over - 0 runs, 1 hit, 1 error, 2 left on base; Clemson University 1 - Wichita State University 1
BOTTOM OF THE 9TH
Wichita State University Shockers batting - Pitching for Clemson University Tigers : RHP Jon Wernli
Batting: LHB Steve LeGrand 0-0: Foul Ball, location: 2F
0-1: Ball
1-1: Ground out U3 (Groundball, 3, EV 90.0 MPH)
Pinch Hitting: LHB Dong-u Chang 0-0: Foul Ball, location: 2F
0-1: Ball
1-1: Called Strike
1-2: Ball
2-2: Ball
3-2: Base on Balls
Batting: RHB Alex Campos 0-0: Called Strike
Pickoff Throw to First - Out! 1-3
0-1: DOUBLE (Line Drive, 8LXD, EV 106.9 MPH)
Pitching: RHP Cortez Cruz
Batting: SHB Houston Phillips 0-0: Ball
1-0: Called Strike
1-1: Ground out 5-3 (Groundball, 5, EV 94.4 MPH)
Bottom of the 9th over - 0 runs, 1 hit, 0 errors, 1 left on base; Clemson University 1 - Wichita State University 1
TOP OF THE 10TH
Clemson University Tigers batting - Pitching for Wichita State University Shockers : LHP Dzintars Balodis
Now at 2B: Jason Baldwin
Batting: LHB Nick Martin 0-0: Ball
1-0: Called Strike
1-1: Called Strike
1-2: Fly out, F9 (Line Drive, 9, EV 91.9 MPH)
Batting: LHB Pat Fontana 0-0: Ball
1-0: Ball
2-0: Ball
3-0: Called Strike
3-1: Base on Balls
Batting: RHB Wes Reynolds 0-0: Ball
1-0: Fielders Choice at 2nd, 4-6 (Groundball, 4M, EV 102.5 MPH)
Batting: RHB Jaime Rios 0-0: Ball
1-0: Called Strike
Wes Reynolds steals 2nd base
1-1: Intentional Walk
Batting: LHB Pablo Serrato 0-0: Called Strike
0-1: Ball
1-1: Foul Ball, location: 2F
1-2: Strikes out swinging
Top of the 10th over - 0 runs, 0 hits, 0 errors, 2 left on base; Clemson University 1 - Wichita State University 1
BOTTOM OF THE 10TH
Wichita State University Shockers batting - Pitching for Clemson University Tigers : RHP Cortez Cruz
Pitching: LHP Jeff Briggs
Batting: RHB Nick Gossman 0-0: Ball
1-0: Fly out, F9 (Line Drive, 9, EV 93.8 MPH)
Batting: RHB Jonathan Iniguez 0-0: Ball
1-0: Called Strike
1-1: Foul Ball, location: 2F
1-2: Strikes out looking
Batting: RHB Taffounnout Kame 0-0: Called Strike
0-1: Ball
1-1: Swinging Strike
1-2: Strikes out swinging
Bottom of the 10th over - 0 runs, 0 hits, 0 errors, 0 left on base; Clemson University 1 - Wichita State University 1
TOP OF THE 11TH
Clemson University Tigers batting - Pitching for Wichita State University Shockers : LHP Dzintars Balodis
Batting: SHB Ronnie Brooks 0-0: Ball
1-0: SINGLE (Groundball, 4MD, EV 110.6 MPH)
Batting: RHB Leo Candelas 0-0: Ball
1-0: Ball
2-0: Called Strike
2-1: Called Strike
2-2: Ball
3-2: Strikes out looking
Pitching: RHP Dustin Nichols
Batting: LHB Ivan Castillo 0-0: Ball
1-0: Ball
2-0: Called Strike
2-1: Ball
3-1: Base on Balls
Ronnie Brooks to second
Batting: SHB Justin Hensley 0-0: Ball
1-0: SINGLE (Groundball, 56D, EV 96.2 MPH)
Ronnie Brooks to third
Ivan Castillo to second
Runner from 3rd tries for Home, SAFE, throw by LF to home
Batting: LHB Nick Martin 0-0: Ball
1-0: Ball
2-0: Ball
3-0: Called Strike
3-1: Called Strike
3-2: Fly out, F9 (Flyball, 9LS, EV 92.5 MPH)
Batting: LHB Pat Fontana 0-0: Fly out, F9 (Line Drive, 9D, EV 97.5 MPH)
Top of the 11th over - 1 run, 2 hits, 0 errors, 2 left on base; Clemson University 2 - Wichita State University 1
BOTTOM OF THE 11TH
Wichita State University Shockers batting - Pitching for Clemson University Tigers : LHP Jeff Briggs
Batting: RHB Zach Maguire 0-0: Fly out, F8 (Line Drive, 8LD, EV 86.9 MPH)
Batting: LHB Sam Williams 0-0: Ball
1-0: Ball
2-0: Fly out, F8 (Flyball, 78D, EV 78.8 MPH)
Batting: LHB Steve LeGrand 0-0: SINGLE (Groundball, 4MD, EV 101.2 MPH)
Batting: RHB Jason Baldwin 0-0: Swinging Strike
0-1: Fly out, F5 (Line Drive, 5, EV 73.1 MPH)
Bottom of the 11th over - 0 runs, 1 hit, 0 errors, 1 left on base; Clemson University 2 - Wichita State University 1
Thursday, March 31st , 2022 - OOTP Baseball 22.12 Build 89